[Event "Titled Tuesday Blitz April 12 Late 2022"]
[White "Khabinets, Ivan"]
[Black "Phillips, Rene"]
[WhiteFideId "14115980"]
[BlackFideId "2056275"]
[WhiteElo "2114"]
[BlackElo "2134"]
[Result "1-0"]
[Round "04"]
[TimeControl "180+1"]
[Date "2022.04.13"]
[WhiteClock "0:01:04"]
[BlackClock "0:00:32"]

1. d4 Nc6 2. d5 Ne5 3. e4 e6 4. f4 Ng6 5. c4 exd5 6. cxd5 Nf6 7. Nc3 Bc5 8. Bd3 d6 9. Nf3 Ng4 10. Rf1 Nxh2 11. Nxh2 Qh4+ 12. Kd2 Qxh2 13. Qf3 Nh4 14. Bb5+ Kd8 15. Qe2 Qxg2 16. Kd3 Bg4 17. Qxg2 Nxg2 18. Na4 Bb6 19. Nxb6 axb6 20. Rg1 Bh3 21. Rh1 Bg4 22. Bd2 h5 23. Rh2 Bf3 24. Rf1 Bg4 25. a3 h4 26. Bc3 h3 27. Bxg7 Rh7 28. Bf6+ Kc8 29. Rf2 Ne1+ 30. Ke3 Ng2+ 31. Rfxg2 1-0


[Site "https://www.chess.com"]

[Event "Titled Tuesday Blitz April 12 Late 2022"]
[White "Khamzin, Olzhas"]
[Black "Grave, Jacob Templen"]
[WhiteFideId "13701690"]
[BlackFideId "1542656"]
[WhiteElo "2155"]
[BlackElo "1737"]
[Result "0-1"]
[Round "04"]
[TimeControl "180+1"]
[Date "2022.04.13"]
[WhiteClock "0:00:05"]
[BlackClock "0:00:07"]

1. c4 c5 2. Nc3 Nc6 3. g3 g6 4. Bg2 Bg7 5. Nf3 e5 6. d3 d6 7. O-O Nge7 8. a3 O-O 9. Rb1 a5 10. Nb5 h6 11. Bd2 d5 12. cxd5 Nxd5 13. Qc1 Kh7 14. Qxc5 Be6 15. Rfc1 Rc8 16. Qd6 Qb6 17. a4 Rfd8 18. Qa3 Ndb4 19. Be3 Nd4 20. Nfxd4 exd4 21. Bd2 Nc2 22. Qe7 Ba2 23. Qxb7 Qe6 24. Bxa5 Bxb1 25. Bxd8 Rxd8 26. Rxb1 Qxe2 27. Qf3 Qe6 28. Rc1 Rc8 29. Qd5 Nb4 30. Rxc8 Nxd5 31. Bf1 Qxc8 32. Nd6 Qe6 33. Ne4 Nb4 34. a5 Qa6 35. Nc5 Qxa5 36. Nb3 Qa2 37. Nc5 Qxb2 38. Kg2 Qc3 39. Nd7 Nxd3 40. Nb6 Qc6+ 41. Nd5 Qxd5+ 0-1


[Site "https://www.chess.com"]

[Event "Titled Tuesday Blitz April 12 Late 2022"]
[White "Koelle, Tobias"]
[Black "Korchmar, Vasiliy"]
[WhiteFideId "16207378"]
[BlackFideId "24131750"]
[WhiteElo "2541"]
[BlackElo "2370"]
[Result "0-1"]
[Round "04"]
[TimeControl "180+1"]
[Date "2022.04.12"]
[WhiteClock "0:00:20"]
[BlackClock "0:01:32"]

1. Nf3 d5 2. e3 Nf6 3. c4 c6 4. Nc3 e6 5. b3 Bd6 6. Bb2 O-O 7. Be2 e5 8. cxd5 cxd5 9. Nb5 Nc6 10. Nxd6 Qxd6 11. d4 e4 12. Ne5 Ne7 13. O-O Ne8 14. h3 f6 15. Ng4 Bxg4 16. hxg4 f5 17. gxf5 Nxf5 18. Qc2 Qg6 19. Ba3 Rf7 20. Rac1 h5 21. Qd1 Nf6 22. Kh1 Ng4 23. Bxg4 hxg4 24. Kg1 Qh5 25. Re1 Rf6 26. Kf1 Ng3+ 0-1


[Site "https://www.chess.com"]

[Event "Titled Tuesday Blitz April 12 Late 2022"]
[White "Leitao, Rafael"]
[Black "Pesotskiy, Mikhail"]
[WhiteFideId "2101246"]
[BlackFideId "34164453"]
[WhiteElo "2696"]
[BlackElo "2500"]
[Result "1-0"]
[Round "04"]
[TimeControl "180+1"]
[Date "2022.04.13"]
[WhiteClock "0:00:22"]
[BlackClock "0:00:19"]

1. c4 e5 2. Nc3 Nc6 3. Nf3 Nf6 4. e4 Bc5 5. Nxe5 Nxe5 6. d4 Bb4 7. dxe5 Nxe4 8. Qf3 Nxc3 9. bxc3 Bc5 10. Qg3 g6 11. Bh6 Bf8 12. Bg5 Be7 13. h4 h6 14. Bf4 b6 15. Bd3 Rg8 16. Bxh6 Bb7 17. O-O-O Ba3+ 18. Kb1 Qe7 19. Bg5 Qc5 20. Rd2 Qa5 21. Rhd1 Bc6 22. Bc2 b5 23. e6 fxe6 24. c5 b4 25. c4 b3 26. Bxb3 Bxc5 27. Bf6 Rb8 28. Bb2 Bd6 29. Rxd6 cxd6 30. Qxd6 Be4+ 31. Ka1 Rb7 32. Bf6 Qb4 33. c5 1-0


[Site "https://www.chess.com"]

[Event "Titled Tuesday Blitz April 12 Late 2022"]
[White "Levin, Anthony"]
[Black "Bernat, David"]
[WhiteFideId "30940680"]
[BlackFideId "2099225"]
[WhiteElo "2077"]
[BlackElo "2292"]
[Result "0-1"]
[Round "04"]
[TimeControl "180+1"]
[Date "2022.04.13"]
[WhiteClock "0:00:04"]
[BlackClock "0:00:32"]

1. d4 Nf6 2. c4 e6 3. g3 c5 4. d5 b5 5. cxb5 exd5 6. Bg2 Bb7 7. Nc3 Be7 8. Nxd5 Nxd5 9. Bxd5 Qb6 10. a4 a6 11. bxa6 Nxa6 12. Nf3 Nb4 13. Bxb7 Qxb7 14. O-O O-O 15. Bd2 Bf6 16. Bc3 Nd5 17. Bxf6 Nxf6 18. Qc2 Rfc8 19. Ra3 Rab8 20. b3 Qb4 21. Rfa1 d5 22. a5 Ne4 23. a6 Qb6 24. a7 Ra8 25. Ra6 Qb5 26. Qd3 Qb4 27. Qxd5 Nc3 28. Qd3 Qxb3 29. R6a3 c4 30. Qxc3 Qb5 31. Ra5 Qb6 32. Ne5 h6 33. Nd7 Qc7 34. Qd4 Rd8 35. Rd5 Re8 36. Nb6 c3 37. Nxa8 Rxa8 38. Rc5 Qe7 39. Qxc3 Kh7 40. Rc8 Rxa7 41. Rc7 Rxc7 42. Qd3+ g6 43. Rd1 Rc6 44. h4 Re6 45. e3 Qf6 46. Qd4 Qf5 47. Qd3 Qg4 48. Qd4 Qf3 49. Qf4 Qxd1+ 50. Kg2 Qd5+ 51. Kh2 Qf5 52. Qc4 Qxf2+ 53. Kh3 Rf6 0-1


[Site "https://www.chess.com"]

[Event "Titled Tuesday Blitz April 12 Late 2022"]
[White "Lewicki, Miroslaw"]
[Black "Xu, Yi"]
[WhiteFideId "1113380"]
[BlackFideId "8605564"]
[WhiteElo "2283"]
[BlackElo "2471"]
[Result "0-1"]
[Round "04"]
[TimeControl "180+1"]
[Date "2022.04.12"]
[WhiteClock "0:00:28"]
[BlackClock "0:00:53"]

1. b3 b6 2. Bb2 Bb7 3. Nf3 Nf6 4. g3 e6 5. Bg2 Be7 6. O-O O-O 7. d4 d6 8. Nbd2 Nbd7 9. c4 Re8 10. Re1 Bf8 11. e4 e5 12. Qc2 g6 13. Rad1 exd4 14. Nxd4 a6 15. h4 Bg7 16. e5 dxe5 17. Bxb7 exd4 18. Rxe8+ Nxe8 19. Bxa8 Qxa8 20. Qe4 Qxe4 21. Nxe4 c5 22. b4 f5 23. Ng5 Nd6 24. bxc5 bxc5 25. Rc1 Bh6 26. Ba3 Bxg5 27. hxg5 Kf7 28. Kf1 Ne4 29. Ke2 Nxg5 30. Rb1 Ne4 31. Rb7 Ke6 32. Ra7 Ne5 33. Rxa6+ Kd7 34. Ra7+ Kd6 35. Rxh7 d3+ 36. Ke1 Nf3+ 37. Kf1 d2 0-1


[Site "https://www.chess.com"]

[Event "Titled Tuesday Blitz April 12 Late 2022"]
[White "Lewtak, Damian"]
[Black "Kamsky, Gata"]
[WhiteFideId "1141724"]
[BlackFideId "2000024"]
[WhiteElo "2362"]
[BlackElo "2645"]
[Result "0-1"]
[Round "04"]
[TimeControl "180+1"]
[Date "2022.04.12"]
[WhiteClock "0:00:08"]
[BlackClock "0:00:27"]

1. d4 f5 2. Bg5 g6 3. Nc3 Nh6 4. e4 Nf7 5. Be3 fxe4 6. Nxe4 d5 7. Ng5 Nxg5 8. Bxg5 Bg7 9. Bd3 c5 10. c3 cxd4 11. cxd4 Nc6 12. Ne2 Qa5+ 13. Bd2 Qb6 14. O-O O-O 15. Bg5 Bg4 16. Qd2 e6 17. f3 Bf5 18. Bxf5 exf5 19. Rfd1 Rfe8 20. Be3 Qb4 21. Bf2 Qxd2 22. Rxd2 Rac8 23. a3 Na5 24. Re1 Bh6 25. f4 Nb3 26. Rd3 Rxe2 27. Rxe2 Nc1 28. Rde3 Nxe2+ 29. Rxe2 Rc1+ 30. Be1 Bxf4 31. g3 Bd6 32. Kf2 Kf7 33. Bc3 f4 34. Kf3 fxg3 35. hxg3 Rf1+ 36. Kg2 Rf6 37. Rc2 Ke6 38. Bd2 Rf8 39. Be3 Kd7 40. b3 h5 41. a4 Re8 42. Kf3 Bxg3 43. Rc5 Kd6 44. Bd2 h4 45. Bb4 Ke6 46. Rb5 b6 47. a5 Bc7 48. Kg4 Rh8 49. axb6 axb6 50. Kh3 g5 51. Bd2 g4+ 52. Kxg4 h3 53. Bf4 h2 54. Bxh2 Rxh2 55. Kf3 Kd7 56. Rxd5+ Bd6 57. Ke4 Rb2 58. Rb5 Kc6 59. Rg5 Rxb3 60. Rg8 Rg3 61. Rb8 Bxb8 0-1


[Site "https://www.chess.com"]

[Event "Titled Tuesday Blitz April 12 Late 2022"]
[White "Lossi C., Cyrano Jose"]
[Black "Isajevsky, Anton"]
[WhiteFideId "7301600"]
[BlackFideId "4142500"]
[WhiteElo "1811"]
[BlackElo "2510"]
[Result "1-0"]
[Round "04"]
[TimeControl "180+1"]
[Date "2022.04.13"]
[WhiteClock "0:00:15"]
[BlackClock "0:00:02"]

1. e4 g6 2. d4 Bg7 3. c3 b6 4. g3 Bb7 5. Bg2 c5 6. Ne2 d6 7. O-O Qc7 8. a4 a6 9. Be3 Nf6 10. Nd2 Ng4 11. Nf4 Nxe3 12. fxe3 O-O 13. Qg4 Nd7 14. Nd5 Qd8 15. Qe2 e6 16. Nf4 Qc7 17. Rac1 Rac8 18. g4 Rfe8 19. g5 e5 20. Nd5 Bxd5 21. exd5 exd4 22. Qf2 dxe3 23. Qxf7+ Kh8 24. Ne4 e2 25. Rf2 Be5 26. Bh3 Rcd8 27. Kg2 Rf8 28. Qe7 Rfe8 29. Qf7 c4 30. Nf6 Bxf6 31. gxf6 Rg8 32. Be6 Qc8 33. Qe7 Rde8 34. Qxd6 Qc5 35. Qxd7 Qe3 36. Re1 Qe4+ 37. Rf3 1-0


[Site "https://www.chess.com"]

[Event "Titled Tuesday Blitz April 12 Late 2022"]
[White "Manolache, Marius"]
[Black "Shimanov, Aleksandr"]
[WhiteFideId "1201530"]
[BlackFideId "4198603"]
[WhiteElo "2364"]
[BlackElo "2636"]
[Result "0-1"]
[Round "04"]
[TimeControl "180+1"]
[Date "2022.04.12"]
[WhiteClock "0:00:02"]
[BlackClock "0:00:19"]

1. d4 d6 2. Nf3 Nf6 3. Nc3 Bf5 4. Nh4 Bd7 5. Nf3 c5 6. d5 b5 7. Bg5 g6 8. e4 b4 9. Bxf6 exf6 10. Nb1 Bg7 11. Nbd2 f5 12. exf5 Bxb2 13. fxg6 hxg6 14. Rb1 Bc3 15. Be2 Bf5 16. O-O Nd7 17. Nc4 Nb6 18. Ne3 Bd7 19. Nd2 Qh4 20. Nf3 Qe7 21. Ba6 Kd8 22. Qd3 f5 23. Rfe1 Bxe1 24. Rxe1 Re8 25. c3 Qf6 26. cxb4 cxb4 27. Rc1 Qb2 28. Rb1 Qc3 29. g3 Qxd3 30. Bxd3 a5 31. Nd4 Rxe3 32. fxe3 Nxd5 33. Kf2 Nc3 34. Ra1 a4 35. Bc2 Rb8 36. h4 Ke7 37. Kf3 Kf6 38. Kf4 Re8 39. Kf3 Bc8 40. Kf2 Bb7 41. Bd3 Be4 42. Bf1 Rb8 43. Ne2 Nxe2 44. Bxe2 b3 45. axb3 axb3 0-1


[Site "https://www.chess.com"]

[Event "Titled Tuesday Blitz April 12 Late 2022"]
[White "Manukian, Artak"]
[Black "Bach, Matthias"]
[WhiteFideId "13301373"]
[BlackFideId "4603168"]
[WhiteElo "2359"]
[BlackElo "2165"]
[Result "1-0"]
[Round "04"]
[TimeControl "180+1"]
[Date "2022.04.13"]
[WhiteClock "0:00:09"]
[BlackClock "0:00:11"]

1. e4 e5 2. Nf3 Nc6 3. d4 exd4 4. Nxd4 Bc5 5. Nxc6 bxc6 6. Qf3 d6 7. Bc4 Qf6 8. Nc3 Qxf3 9. gxf3 Be6 10. Bd3 Ne7 11. h4 h6 12. h5 f5 13. Be3 Bxe3 14. fxe3 fxe4 15. Bxe4 Bf5 16. Ke2 O-O 17. Rag1 Rae8 18. Rh4 d5 19. Bd3 Bxd3+ 20. cxd3 Nf5 21. Rf4 Nxe3 22. Rxf8+ Kxf8 23. Rg6 Nf5+ 24. Kd1 Nd4 25. Rg4 Ne6 26. Ra4 Nc5 27. Rxa7 Nxd3 28. Rxc7 c5 29. Nxd5 Rd8 30. Nb6 Nxb2+ 31. Kc2 Nd3 32. Nd7+ Ke7 33. Kxd3 Rxd7+ 34. Rxd7+ Kxd7 35. Kc4 g6 36. hxg6 Ke6 37. a4 h5 38. a5 h4 39. a6 h3 40. a7 h2 41. g7 h1=Q 42. g8=Q+ Kf6 43. Qf8+ Ke6 44. Qc8+ Kf6 45. Qc6+ Kf7 46. Qd5+ Kf6 47. a8=Q Qc1+ 48. Kb5 Qb2+ 49. Kc6 Qe2 50. Qf8+ Kg6 51. Qe4+ Qxe4+ 52. fxe4 1-0


[Site "https://www.chess.com"]

[Event "Titled Tuesday Blitz April 12 Late 2022"]
[White "Maranhao,Jose Renato Ruiz"]
[Black "Le Goff, Ronan"]
[WhiteFideId "2135175"]
[BlackFideId "612073"]
[WhiteElo "1970"]
[BlackElo "2276"]
[Result "0-1"]
[Round "04"]
[TimeControl "180+1"]
[Date "2022.04.13"]
[WhiteClock "0:00:08"]
[BlackClock "0:01:52"]

1. e4 e5 2. d4 exd4 3. c3 d5 4. exd5 Nf6 5. cxd4 Bb4+ 6. Nc3 O-O 7. Nf3 Re8+ 8. Be2 Qe7 9. Kf1 Bxc3 10. bxc3 Nxd5 11. Bd2 b6 12. Ne5 Nd7 13. Nc6 Qf6 14. Qa4 a5 15. h4 Bb7 16. Nxa5 Rxe2 17. Kxe2 Qe6+ 18. Kf1 Rxa5 19. Qb3 h6 20. c4 N5f6 21. Bxa5 Ba6 22. Bc3 Bxc4+ 23. Kg1 Bxb3 24. axb3 Ne4 25. Ra8+ Kh7 26. Be1 Ndf6 27. f3 Nd6 28. Rh3 Qxe1+ 29. Kh2 Nf5 30. g4 Qf2+ 31. Kh1 Ng3+ 32. Rxg3 Qxg3 33. Rc8 Qxf3+ 34. Kh2 Qxg4 35. Rxc7 Qf4+ 36. Kh3 Qxc7 37. h5 Qc3+ 38. Kh4 Qxd4+ 39. Kh3 Qe3+ 40. Kh2 Qf2+ 41. Kh3 Qf3+ 42. Kh2 Ng4+ 43. Kg1 Qf2+ 44. Kh1 Qf1# 0-1


[Site "https://www.chess.com"]

[Event "Titled Tuesday Blitz April 12 Late 2022"]
[White "Martic, Ivan"]
[Black "Renjith, Sravan"]
[WhiteFideId "929301"]
[BlackFideId "4306783"]
[WhiteElo "2317"]
[BlackElo "1863"]
[Result "0-1"]
[Round "04"]
[TimeControl "180+1"]
[Date "2022.04.13"]
[WhiteClock "0:00:25"]
[BlackClock "0:00:43"]

1. d4 Nf6 2. Nf3 g6 3. c4 Bg7 4. Nc3 O-O 5. Bg5 c6 6. e3 d5 7. Be2 Ne4 8. Bh4 Qa5 9. Qb3 Re8 10. O-O Nd7 11. cxd5 Nxc3 12. bxc3 cxd5 13. c4 dxc4 14. Bxc4 e6 15. Rfc1 b6 16. Bb5 a6 17. Bc6 Ra7 18. Nd2 Qxd2 19. Rc2 Qa5 20. Rac1 b5 21. h3 Rc7 22. Bg3 Ra7 23. Bd6 Qb6 24. Qa3 Bf8 25. Bxf8 Rxf8 26. Bf3 Bb7 27. Be2 Be4 28. Rc8 Ra8 29. R8c7 Ra7 30. Rc8 b4 31. Qa4 Rxc8 32. Rxc8+ Kg7 33. h4 Rc7 34. Re8 Nf6 35. h5 Bc6 36. h6+ Kxh6 37. Qd1 Nxe8 0-1


[Site "https://www.chess.com"]

[Event "Titled Tuesday Blitz April 12 Late 2022"]
[White "Melikhov, Evgeny V."]
[Black "Koziorowicz, Michal"]
[WhiteFideId "4122046"]
[BlackFideId "21809194"]
[WhiteElo "1931"]
[BlackElo "2235"]
[Result "1-0"]
[Round "04"]
[TimeControl "180+1"]
[Date "2022.04.13"]
[WhiteClock "0:00:18"]
[BlackClock "0:00:45"]

1. d4 Na6 2. c4 e5 3. dxe5 Nc5 4. Nf3 a5 5. Bf4 Ne7 6. Nbd2 Ng6 7. Bg3 b6 8. e3 Bb7 9. Be2 Be7 10. O-O O-O 11. b3 Re8 12. a3 Bf8 13. Qc2 h5 14. b4 Ne6 15. h3 h4 16. Bh2 axb4 17. axb4 Bxb4 18. Rxa8 Qxa8 19. Qb2 Qa3 20. Qxa3 Bxa3 21. Ra1 Bc5 22. Ra7 Bc6 23. Nb3 Bf8 24. Nfd4 Rc8 25. Nxc6 dxc6 26. f4 Ne7 27. e4 c5 28. f5 Nc6 29. Ra1 Ned4 30. Nxd4 cxd4 31. e6 fxe6 32. fxe6 Bc5 33. Bh5 d3+ 34. Kf1 Nb4 35. Bf7+ Kf8 36. Bf4 Bd6 37. Bg5 Be7 38. Bf4 Bf6 39. Ra7 Rd8 40. Bd2 Nc2 41. Rxc7 Nd4 42. Bb4+ 1-0


[Site "https://www.chess.com"]

[Event "Titled Tuesday Blitz April 12 Late 2022"]
[White "Melkumyan, Hrant"]
[Black "Janaszak, Dawid"]
[WhiteFideId "13302485"]
[BlackFideId "1119206"]
[WhiteElo "2604"]
[BlackElo "2199"]
[Result "1-0"]
[Round "04"]
[TimeControl "180+1"]
[Date "2022.04.12"]
[WhiteClock "0:01:04"]
[BlackClock "0:00:03"]

1. c4 Nf6 2. g3 g6 3. Bg2 Bg7 4. Nc3 O-O 5. d4 c6 6. e4 d6 7. Nge2 Nbd7 8. O-O e5 9. h3 Qe7 10. Be3 b6 11. Qc2 Bb7 12. Rad1 Rfe8 13. Rfe1 Rad8 14. b3 h6 15. Bc1 Nh7 16. Ba3 exd4 17. Nxd4 Nc5 18. Bb2 h5 19. Nf3 Ng5 20. Nxg5 Qxg5 21. h4 Qe7 22. b4 Ne6 23. Nd5 cxd5 24. exd5 Bxb2 25. Qxb2 Bc8 26. dxe6 Bxe6 27. Bc6 Rf8 28. Bd5 Rde8 29. Qd4 Qd7 30. Be4 Rc8 31. Bd3 Rfd8 32. Rc1 Bf5 33. Bf1 Re8 34. Red1 Bg4 35. Rd2 Qa4 36. Qb2 Re6 37. Qb3 Qe8 38. Qb1 Bf5 39. Qa1 a5 40. a3 axb4 41. axb4 Ra8 42. Qd4 Ra3 43. Qxb6 d5 44. Qb5 1-0


[Site "https://www.chess.com"]

[Event "Titled Tuesday Blitz April 12 Late 2022"]
[White "Mickiewicz, Piotr"]
[Black "Maksimovic, Bojan"]
[WhiteFideId "1114891"]
[BlackFideId "14408120"]
[WhiteElo "2470"]
[BlackElo "2683"]
[Result "1/2-1/2"]
[Round "04"]
[TimeControl "180+1"]
[Date "2022.04.13"]
[WhiteClock "0:00:10"]
[BlackClock "0:00:05"]

1. e4 g6 2. Nf3 Bg7 3. Bc4 c6 4. Bb3 d5 5. e5 Nh6 6. d4 f6 7. exf6 exf6 8. O-O O-O 9. h3 Nf7 10. Bf4 g5 11. Bg3 Nd7 12. Re1 Nb6 13. Nbd2 Nd6 14. a4 a5 15. c3 Bf5 16. Bc2 Bg6 17. Bxg6 hxg6 18. Bxd6 Qxd6 19. Qc2 Kh7 20. Re3 Rae8 21. Rae1 Rxe3 22. Rxe3 Nc8 23. Nf1 Qd7 24. Qe2 Rf7 25. Ng3 Re7 26. h4 g4 27. Nh2 f5 28. h5 Bh6 29. hxg6+ Kxg6 30. Rxe7 Nxe7 31. Qe5 Bg7 32. Qe2 Nc8 33. Qe3 Nd6 34. Qf4 Bh6 35. Qe5 Bg7 36. Qf4 Qe6 37. Nhf1 Bh6 38. Qe5 Qxe5 39. dxe5 Nc4 40. e6 f4 41. e7 Kf7 42. Nf5 Bg5 43. b3 Ne5 44. Nd6+ Kxe7 45. Nxb7 Nd3 46. Nxa5 Kd6 47. b4 Bf6 48. b5 cxb5 49. axb5 Bxc3 50. Nc6 Kc5 51. g3 Kxb5 52. Ne7 Kc5 53. gxf4 Nxf4 54. Ne3 d4 55. Nxg4 d3 56. Ne3 Bd4 57. Nd1 Ne2+ 58. Kf1 Nc3 59. Nf5 Nxd1 60. Ke1 Nc3 61. Kd2 Kc4 62. Nd6+ Kd5 63. Nf5 Ke4 64. Ng3+ Kd5 65. Kxd3 Nb5 66. Ne4 Be5 67. Nd2 Nc7 68. Ke3 Ne6 69. Kf3 Nd4+ 70. Ke3 Bg7 71. Kd3 Bh6 72. Ne4 Nf3 73. Nf6+ Ke5 74. Ng4+ Kf4 75. Nxh6 Ne5+ 76. Ke2 Nc4 77. Nf7 Kf5 78. Nd8 Nd6 79. Nc6 Ne4 80. Nd4+ Ke5 81. Ke3 Nxf2 1/2-1/2


[Site "https://www.chess.com"]

[Event "Titled Tuesday Blitz April 12 Late 2022"]
[White "Migot, Tangi"]
[Black "Janturin, Artur"]
[WhiteFideId "662445"]
[BlackFideId "4130022"]
[WhiteElo "2536"]
[BlackElo "2359"]
[Result "1/2-1/2"]
[Round "04"]
[TimeControl "180+1"]
[Date "2022.04.13"]
[WhiteClock "0:01:11"]
[BlackClock "0:01:07"]

1. Nf3 b6 2. c4 Bb7 3. e3 g6 4. d4 Bg7 5. Nc3 e6 6. Bd3 Ne7 7. h4 h6 8. h5 g5 9. Bd2 d6 10. Qc2 Nd7 11. O-O-O c6 12. Kb1 Qc7 13. Rhe1 O-O-O 14. Ka1 Kb8 15. Rc1 Rhf8 16. g4 f5 17. gxf5 Nxf5 18. Nh2 Nf6 19. Bxf5 exf5 20. Qxf5 Nxh5 21. Qg6 Qf7 22. Qxf7 Rxf7 23. Ng4 Nf6 24. Nxf6 Rxf6 25. Rf1 Rf3 26. Ne4 Kc7 27. d5 Re8 28. Nc3 Ref8 29. Ne4 Re8 30. Nc3 Ref8 31. Ne4 Re8 1/2-1/2


[Site "https://www.chess.com"]

[Event "Titled Tuesday Blitz April 12 Late 2022"]
[White "Mikhalsky, Vladimir"]
[Black "Zanette, Edgard Vinicius"]
[WhiteFideId "14144352"]
[BlackFideId "2109263"]
[WhiteElo "2301"]
[BlackElo "2182"]
[Result "1-0"]
[Round "04"]
[TimeControl "180+1"]
[Date "2022.04.13"]
[WhiteClock "0:00:16"]
[BlackClock "0:00:08"]

1. e4 e5 2. Nf3 Nc6 3. Bb5 a6 4. Bxc6 dxc6 5. O-O f6 6. d4 exd4 7. Qxd4 Qxd4 8. Nxd4 Bd7 9. Nc3 O-O-O 10. Nb3 Bd6 11. Be3 Ne7 12. Nc5 Bxc5 13. Bxc5 Ng6 14. f4 b6 15. Be3 Rhe8 16. Rae1 c5 17. Bc1 Bc6 18. h3 b5 19. Be3 Bxe4 20. Nxe4 Rxe4 21. f5 Nh4 22. Bxc5 Rxe1 23. Rxe1 Nxf5 24. g4 Nd6 25. Re7 Rd7 26. Bxd6 cxd6 27. Re8+ Kb7 28. Kf2 b4 29. Ke2 a5 30. Kd3 h6 31. c4 bxc3 32. bxc3 Kc6 33. Ra8 Kb5 34. Kd4 Rc7 35. Rb8+ Kc6 36. c4 Rb7 37. Ra8 Kb6 38. Kd5 Rc7 39. Rb8+ Ka6 40. Rg8 a4 41. Rd8 Ka5 42. Rxd6 Kb4 43. Rb6+ Ka3 44. Ra6 Kxa2 45. c5 Kb3 46. Kd6 Rc8 47. c6 a3 48. Kd7 Rf8 49. c7 a2 50. c8=Q Rxc8 51. Kxc8 Kb2 52. Kd7 g6 53. Ke6 h5 54. gxh5 gxh5 55. Kxf6 a1=Q 56. Rxa1 Kxa1 57. h4 Kb2 58. Kg5 Kc3 59. Kxh5 Kd4 60. Kg6 Ke5 61. h5 1-0


[Site "https://www.chess.com"]

[Event "Titled Tuesday Blitz April 12 Late 2022"]
[White "Minko, Dmitry"]
[Black "Cabarkapa, Novak"]
[WhiteFideId "24188468"]
[BlackFideId "943746"]
[WhiteElo "1928"]
[BlackElo "2443"]
[Result "1-0"]
[Round "04"]
[TimeControl "180+1"]
[Date "2022.04.13"]
[WhiteClock "0:00:11"]
[BlackClock "0:00:14"]

1. e4 c5 2. Nf3 Nc6 3. d4 cxd4 4. Nxd4 Nf6 5. Nc3 h5 6. Nxc6 bxc6 7. e5 Ng4 8. e6 dxe6 9. Qxd8+ Kxd8 10. g3 e5 11. Bg2 Kc7 12. O-O Ba6 13. Re1 f6 14. h3 Nh6 15. Ne4 e6 16. Bd2 Nf7 17. Ba5+ Kc8 18. Rad1 h4 19. b4 hxg3 20. Nxg3 Bb7 21. Re3 Be7 22. Red3 Bd8 23. Rd7 Bxa5 24. bxa5 Rd8 25. Rxd8+ Nxd8 26. Ne4 Kc7 27. Nc5 Bc8 28. h4 Rb8 29. Rd3 Rb4 30. Rg3 Rxh4 31. Rxg7+ Kd6 32. Ne4+ Kd5 33. Rg8 Nf7 34. Nxf6+ Kd4 35. Rxc8 e4 36. Nxe4 c5 37. Nxc5 Rg4 38. Nxe6+ Ke5 39. Nc5 Ng5 40. Nd3+ Kd6 41. Kf1 Rh4 42. Rg8 Ne6 43. Rg6 Ke7 44. Rg3 Nd4 45. Re3+ Kd6 46. c3 Nb5 47. Re5 Nxc3 48. Rc5 Rd4 49. Rxc3 a6 50. Rc6+ Kd7 51. Nc5+ Ke7 52. Rxa6 Rd8 53. Ra7+ Kf6 54. a6 Ke5 55. Ne4 Kf4 56. Ng3 Ke5 57. Ke2 Re8 58. Rb7 Kd6+ 59. Kd2 Kc5 60. Rb3 Ra8 61. Bxa8 Kd4 62. Be4 Ke5 63. a7 Kf4 64. a8=Q Kg5 65. Qf8 Kh4 66. Qf3 Kh3 67. Qh1+ Kg4 68. Bf3+ Kf4 69. Qh4+ Ke5 70. Qe4+ Kf6 71. Rb6+ Kg5 72. Qg6+ Kf4 73. Qf5# 1-0


[Site "https://www.chess.com"]

[Event "Titled Tuesday Blitz April 12 Late 2022"]
[White "Mirzoev, Azer"]
[Black "Petrovic, Aleksa"]
[WhiteFideId "13400304"]
[BlackFideId "967629"]
[WhiteElo "2525"]
[BlackElo "2198"]
[Result "1-0"]
[Round "04"]
[TimeControl "180+1"]
[Date "2022.04.13"]
[WhiteClock "0:00:06"]
[BlackClock "0:00:02"]

1. c4 e6 2. Nf3 Nf6 3. g3 b6 4. Bg2 Bb7 5. O-O c5 6. d4 cxd4 7. Qxd4 d6 8. Nc3 a6 9. Rd1 Be7 10. b3 O-O 11. Ba3 Ne8 12. Ne4 Ra7 13. Rac1 Ba8 14. Bb2 Rd7 15. Qe3 Qc7 16. h4 Bc6 17. Nc3 Qb7 18. Ne1 Bxg2 19. Nxg2 Nf6 20. Nf4 Rc8 21. Na4 Rc6 22. Nd3 b5 23. cxb5 axb5 24. Rxc6 Nxc6 25. Nc3 b4 26. Na4 Nd5 27. Qf3 Qb5 28. Rc1 h6 29. Qg4 Nf6 30. Qc4 Qxc4 31. Rxc4 Na5 32. Rxb4 d5 33. Rb8+ Kh7 34. Ne5 Rc7 35. Nxf7 Rc2 36. Rh8+ Kg6 37. Ne5+ Kf5 38. Nf3 Nc6 39. Kf1 Ne4 40. Bxg7 Kg4 41. Bxh6 Kh3 42. Bf4 Bb4 43. Ng1+ Kh2 44. g4+ Kh1 45. f3 Nd2+ 46. Bxd2 Bxd2 47. Nh3 Be3 48. Nf2+ Kh2 49. Nd3 Rxa2 50. Rc8 Ra1+ 51. Ne1 Bd2 52. Rxc6 Bxe1 53. e4 d4 54. Ke2 Kg3 55. Rxe6 Rc1 56. Kd3 Bf2 57. e5 Rd1+ 58. Ke4 d3 59. Rd6 d2 60. Kf5 Kxh4 61. f4 Bg3 62. Nc3 Rf1 63. Rxd2 Rxf4+ 64. Ke6 Rf3 65. Ne4 Rxb3 66. Nxg3 Kxg3 67. Kf5 Rf3+ 68. Kg6 Kxg4 69. Rd4+ Kg3 70. e6 Re3 71. Kf7 Kf3 72. e7 1-0


[Site "https://www.chess.com"]

[Event "Titled Tuesday Blitz April 12 Late 2022"]
[White "Miszler, Levente"]
[Black "Sellitti, Federico"]
[WhiteFideId "763276"]
[BlackFideId "821829"]
[WhiteElo "1966"]
[BlackElo "2546"]
[Result "1-0"]
[Round "04"]
[TimeControl "180+1"]
[Date "2022.04.13"]
[WhiteClock "0:00:14"]
[BlackClock "0:00:04"]

1. Nf3 Nf6 2. c4 c5 3. g3 Nc6 4. Bg2 g6 5. O-O Bg7 6. Nc3 O-O 7. d3 d5 8. cxd5 Nxd5 9. Nxd5 Qxd5 10. Be3 Bg4 11. Nd4 Qd6 12. Nxc6 bxc6 13. Qc2 Bd4 14. Bxd4 cxd4 15. Rac1 Rac8 16. Rfe1 c5 17. h3 Be6 18. Qa4 Rc7 19. b3 Bd5 20. Bxd5 Qxd5 21. Rc4 e5 22. Rec1 Rfc8 23. Qa5 Qe6 24. Rxc5 Rxc5 25. Rxc5 Qxh3 26. Qxa7 Re8 27. Qb7 h5 28. Rc7 h4 29. Qf3 Qe6 30. gxh4 Kg7 31. Rc6 Qe7 32. Qg4 Rh8 33. Qg5 Qe8 34. Qf6+ Kg8 35. Rd6 Kh7 36. h5 Rg8 37. h6 Kxh6 38. Qh4+ Kg7 39. Qf6+ Kh6 40. Rd5 e4 41. Re5 Qc8 42. Rxe4 1-0


[Site "https://www.chess.com"]

[Event "Titled Tuesday Blitz April 12 Late 2022"]
[White "Molenda, Marcin"]
[Black "Alekseenko, Kirill"]
[WhiteFideId "1173065"]
[BlackFideId "4135539"]
[WhiteElo "2067"]
[BlackElo "2682"]
[Result "0-1"]
[Round "04"]
[TimeControl "180+1"]
[Date "2022.04.12"]
[WhiteClock "0:00:11"]
[BlackClock "0:00:34"]

1. d4 d5 2. c4 dxc4 3. e3 e5 4. Bxc4 Nc6 5. Nf3 e4 6. Nfd2 Qg5 7. Bf1 Nf6 8. h4 Qg6 9. Nc3 h5 10. Qa4 Bd7 11. Nb5 Bd6 12. Nxd6+ cxd6 13. Qa3 Ng4 14. Nc4 O-O 15. Qxd6 Be6 16. Bd2 Rfd8 17. Qf4 Rd5 18. Nd6 Rd8 19. Nxe4 Rf5 20. Qg3 Bd5 21. f3 Bxe4 22. fxe4 Rf2 23. Bd3 Nce5 24. Be2 Qxe4 25. Rf1 Rxe2+ 26. Kxe2 Rxd4 27. Rad1 Nc4 28. Bc3 Qc2+ 29. Kf3 Nce5+ 30. Qxe5 Nxe5+ 31. Kg3 Rg4+ 32. Kh2 Qxg2# 0-1


[Site "https://www.chess.com"]

[Event "Titled Tuesday Blitz April 12 Late 2022"]
[White "Moussard, Jules"]
[Black "Bilan, Danila"]
[WhiteFideId "642908"]
[BlackFideId "24161918"]
[WhiteElo "2589"]
[BlackElo "2164"]
[Result "1-0"]
[Round "04"]
[TimeControl "180+1"]
[Date "2022.04.12"]
[WhiteClock "0:01:12"]
[BlackClock "0:00:01"]

1. f4 d5 2. Nf3 Nf6 3. g3 g6 4. Bg2 Bg7 5. O-O O-O 6. d3 c6 7. Nc3 Nbd7 8. e4 dxe4 9. dxe4 e5 10. f5 Qc7 11. Bg5 Nc5 12. Qe2 b6 13. Rfd1 Ba6 14. Qe1 h6 15. Bxf6 Bxf6 16. b4 Nb7 17. a4 Bc4 18. Nd2 Nd6 19. Nxc4 Nxc4 20. Qe2 b5 21. axb5 cxb5 22. Nd5 Qc6 23. fxg6 fxg6 24. Qg4 Kg7 25. Nc7 Rad8 26. Ne6+ Kf7 27. Nxd8+ Rxd8 28. Rxa7+ Kf8 29. Rxd8+ Bxd8 30. Kh1 Be7 31. c3 Qd6 32. Qc8+ Kg7 33. Qd7 1-0


[Site "https://www.chess.com"]